 Dungeon Crawl Stone Soup version 0.23-a0-270-gab6feb3 (webtiles) character file.

26237 Ijustatesigmund the Cleaver (level 13, -29/142 HPs)
             Began as an Octopode Berserker on Oct 1, 2018.
             Was a High Priest of Trog.
             Annihilated by a stone giant (40 damage)
             ... on level 1 of the Orcish Mines.
             The game lasted 00:57:58 (21427 turns).

Ijustatesigmund the Cleaver (Octopode Berserker)   Turns: 21427, Time: 00:57:58

Health: -29/142    AC:  1    Str: 23    XL:     13   Next: 24%
Magic:  8/8        EV: 19    Int:  9    God:    Trog [*****.]
Gold:   842        SH:  6    Dex: 15    Spells: 12/12 levels left

rFire    + . .     SeeInvis .   a - +3 broad axe (antimagic)
rCold    + . .     Gourm    .   r - +0 buckler
rNeg     . . .     Faith    .   (helmet restricted)
rPois    .         Spirit   .   (no amulet)
rElec    .         Reflect  .   n - ring of protection from fire
rCorr    .         Harm     .   f - ring of protection from magic
MR       +....     Clarity  +   e - ring of protection from cold
Stlth    ..........             z - ring of magical power
HPRegen  0.33/turn              (no ring)
MPRegen  0.11/turn              (no ring)
                                (no ring)
                                (no ring)

@: berserking, very quick
A: almost no armour, stealthy swim, amphibious, 8 rings, constrict 8, camouflage
1, clarity, low mp 1, gelatinous body 1, MP-powered wands
a: Berserk, Trog's Hand, Brothers in Arms, Renounce Religion


You were on level 1 of the Orcish Mines.
You worshipped Trog.
Trog was extremely pleased with you.
You were hungry.

You visited 2 branches of the dungeon, and saw 16 of its levels.
You also visited: Sewer.

You collected 1004 gold pieces.
You spent 162 gold pieces at shops.

Inventory:

Hand Weapons
 a - a +3 antimagic broad axe (weapon)
 t - a +3 flail
 C - a +2 flail of protection
Missiles
 o - 7 steel javelins (quivered)
Armour
 r - a +0 buckler (worn)
Jewellery
 e - a ring of protection from cold (on tentacle)
 f - a ring of protection from magic (right tentacle)
 n - a ring of protection from fire (left tentacle)
 z - a ring of magical power (on tentacle)
Wands
 l - a wand of paralysis (8)
 m - a wand of acid (5)
 p - a wand of disintegration (19)
 v - a wand of iceblast (5)
 w - a wand of random effects (13)
 H - a wand of digging (16)
Scrolls
 g - 4 scrolls of enchant armour
 q - 7 scrolls of remove curse
 u - 2 scrolls of immolation
 x - a scroll of teleportation
Potions
 c - 2 potions of might
 d - 2 potions of resistance
 h - a potion of haste
 j - a potion of agility
 k - 4 potions of curing
 s - a potion of flight
 B - a potion of cancellation
 F - 2 potions of lignification
 G - a potion of magic
Comestibles
 b - 9 rations
 i - 3 chunks of flesh


   Skills:
 + Level 11.0 Fighting
 + Level 13.6 Axes
 - Level 5.0 Throwing
 - Level 8.4 Dodging
 - Level 6.4 Stealth
 - Level 7.1 Shields
 - Level 6.2 Evocations


You had 12 spell levels left.
You didn't know any spells.
Your spell library was empty.

Dungeon Overview and Level Annotations

Branches:
Dungeon (14/15)            Temple (0/1) D:7            Lair (0/6) D:9
    Orc (2/2) D:9          Vaults (0/5) D:13
    Elf: Orc:2

Altars:
Ashenzari
Cheibriados
Hepliaklqana
Nemelex Xobeh
Qazlal
Xom
Zin
The Shining One

Shops:
D:8 (   D:12 *

Portals:
Trove: D:10 (show slimy rune of Zot)

Annotations:
D:7 2 transporters, RoseArtemis's ghost, novice DrVM


Innate Abilities, Weirdness & Mutations

You cannot wear most types of armour.
You are very stealthy in the water. (Stealth+)
You are amphibious.
You can wear up to eight rings at the same time.
You can use your tentacles to constrict eight enemies at once.
Your skin changes colour to match your surroundings (Stealth+).
Your rubbery body absorbs attacks. (AC +1, EV +1)
You possess an exceptional clarity of mind.
Your magical capacity is low. (-10% MP)
You expend magic power (3 MP) to strengthen your wands.


Message History

* * * LOW HITPOINT WARNING * * *
You are too injured to fight recklessly!
You are too injured to fight recklessly!
You are too injured to fight recklessly!
You are too injured to fight recklessly!
You are too injured to fight recklessly!
You are too injured to fight recklessly!
You are too injured to fight recklessly!
You are too injured to fight recklessly!
A red film seems to cover your vision as you go berserk!
You feel yourself moving faster!
You feel mighty!
You are feeling hungry.
The stone giant hits you!!
* * * LOW HITPOINT WARNING * * *
You slice the stone giant!! You squeeze the stone giant.
The stone giant is moderately wounded.
You slash the stone giant!
The stone giant is moderately wounded.
The stone giant hits you!!!
You die...

#....[)#[.###.......# ##
##....#[...#...###.#* *#.
##...)..[#...#....## *..
##.))...#.$.......# ###.
###...[...[......###...
##[[[....#.$..#.#..((
##.).....)[)..#...)...
##.#..............))))#
#.[).(@...##..>...))...
##...#..C...............
*#..<.##...............#.
#..$.###..#...#...#.....#
#...###.......##.........
##..,*##..#....##.#.#....
##.,,*####...#.#.#.###..
##,** **...,.....**#. ***
*,,,,,*,,,** **


You could see a stone giant.

Vanquished Creatures
  An orc warlord (Orc:1)
  A centaur warrior (D:13)
  4 two-headed ogres
  Urug (D:12)
  An unseen horror (D:12)
  2 orc sorcerers (Orc:1)
  5 ugly things
  2 cyclopes
  A manticore (D:11)
  A kobold demonologist (D:12)
  2 guardian mummies (D:10)
  4 trolls
  A hornet (D:11)
  9 yaks
  5 hippogriffs
  Grinder (Sewer)
  A shadow (D:12)
  3 vampires (D:12)
  A spriggan (D:10)
  A wraith (D:12)
  2 hungry ghosts
  A basilisk (D:13)
  A steam dragon (D:12)
  2 wargs (Orc:1)
  A water moccasin (D:8)
  A sky beast (D:10)
  4 porcupines (D:9)
  15 orc warriors
  10 ice beasts
  A phantom (D:7)
  4 centaurs
  9 ogres
  A tengu (shapeshifter) (D:13)
  2 crocodiles
  10 big kobolds
  12 bullfrogs
  3 gnoll sergeants (D:9)
  A wyvern skeleton (D:7)
  13 wights
  6 scorpions
  13 killer bees
  4 howler monkeys
  8 crimson imps
  A quasit (Sewer)
  5 bullfrog zombies
  A gnoll shaman (D:7)
  10 hounds
  Crazy Yiuf (D:5)
  7 orc priests
  A centaur skeleton (D:9)
  8 jellies
  5 iguanas
  19 orc wizards
  11 worker ants
  A big kobold zombie (Sewer)
  9 gnolls
  2 river rats (D:6)
  20 adders
  8 shadow imps
  An ufetubus (Sewer)
  2 oozes
  2 adder skeletons
  2 worms
  3 dart slugs
  8 leopard geckos
  51 orcs
  5 ball pythons
  11 bats
  5 giant cockroaches
  9 goblins
  6 hobgoblins
  18 jackals
  7 quokkas
  11 frilled lizards
  A jackal skeleton (D:4)
  35 kobolds
  3 kobold zombies (Sewer)
  A leopard gecko skeleton (D:5)
  2 quokka skeletons
  10 rats
  A plant (D:9)
474 creatures vanquished.

Vanquished Creatures (collateral kills)
  A two-headed ogre (D:11)
  A yak (D:9)
  A centaur (D:11)
  A scorpion (D:9)
  An orc priest (D:8)
  A worker ant (D:11)
  2 orcs
8 creatures vanquished.

Vanquished Creatures (others)
  7 yaks
  An ogre (D:9)
  2 centaurs
  2 orcs (D:9)
  3 kobolds (D:9)
  A kobold zombie (Sewer)
  49 fungi (D:9)
  56 plants (D:9)
121 creatures vanquished.

Grand Total: 603 creatures vanquished

Notes
Turn   | Place    | Note
-------+----------+-------------------------------------------
     0 | D:1      | Ijustatesigmund the Octopode Berserker began the quest for
                  | the Orb.
     0 | D:1      | Reached XP level 1. HP: 16/16 MP: 1/1
   293 | D:1      | Reached XP level 2. HP: 17/21 MP: 2/2
   330 | D:1      | Reached skill level 4 in Axes
   331 | D:1      | Reached XP level 3. HP: 26/26 MP: 3/3
  1425 | D:2      | Reached XP level 4. HP: 24/31 MP: 4/4
  1721 | D:2      | Reached skill level 5 in Axes
  1781 | D:2      | Reached ** piety under Trog
  1970 | D:2      | Found a hazy altar of Hepliaklqana.
  2625 | D:3      | Reached XP level 5. HP: 28/36 MP: 5/5
  3593 | D:4      | Reached skill level 6 in Axes
  3810 | D:4      | Found a shimmering altar of Xom.
  3965 | D:4      | Reached XP level 6. HP: 38/43 MP: 6/6
  4105 | D:4      | Reached *** piety under Trog
  4226 | D:5      | Entered Level 5 of the Dungeon
  4253 | D:5      | Noticed an ice beast
  4264 | D:5      | Killed an ice beast
  4264 | D:5      | Reached XP level 7. HP: 45/49 MP: 7/7
  4368 | D:5      | Found a snail-covered altar of Cheibriados.
  4420 | D:5      | Found a runed door.
  4424 | D:5      | Noticed Crazy Yiuf
  4431 | D:5      | Killed Crazy Yiuf
  4680 | D:5      | Reached skill level 5 in Fighting
  4871 | D:5      | Reached skill level 5 in Dodging
  4985 | D:6      | Found a stormy altar of Qazlal.
  5332 | D:6      | Found a glowing drain.
  5336 | Sewer    | Entered a sewer
  5386 | Sewer    | Reached XP level 8. HP: 51/57 MP: 8/8
  5418 | Sewer    | Reached **** piety under Trog
  5512 | Sewer    | Found a burning altar of Makhleb.
  5758 | Sewer    | Noticed Grinder
  5941 | Sewer    | Killed Grinder
  5941 | Sewer    | Reached skill level 7 in Axes
  6415 | D:6      | Reached skill level 8 in Axes
  6423 | D:6      | Reached XP level 9. HP: 61/62 MP: 9/9
  6428 | D:6      | Reached skill level 9 in Axes
  7544 | D:7      | Found a staircase to the Ecumenical Temple.
  8099 | D:6      | Reached skill level 5 in Evocations
  8688 | D:7      | Found a glowing silver altar of Zin.
  9078 | D:7      | Reached ***** piety under Trog
  9086 | D:7      | Reached XP level 10. HP: 62/71 MP: 14/14
  9107 | D:7      | Reached skill level 10 in Axes
  9270 | D:7      | Found a transporter.
  9270 | D:7      | Noticed RoseArtemis's ghost (novice DrVM)
  9312 | D:7      | Received a gift from Trog
  9407 | D:7      | Found a transporter.
  9631 | D:8      | Found a sparkling altar of Nemelex Xobeh.
 10307 | D:8      | Found Poruraid's Antique Weapon Shop.
 10324 | D:8      | Bought a runed war axe for 162 gold pieces
 10354 | D:8      | Found the +9 staff of Olgreb {rPois}
 11408 | D:8      | Reached skill level 1 in Shields
 11440 | D:8      | Found a glowing golden altar of the Shining One.
 11831 | D:10     | Entered Level 10 of the Dungeon
 12246 | D:9      | Found a shattered altar of Ashenzari.
 12464 | D:9      | Found a stormy altar of Qazlal.
 12496 | D:9      | Reached skill level 5 in Shields
 12558 | D:9      | Noticed a two-headed ogre
 12568 | D:9      | Killed a two-headed ogre
 12568 | D:9      | Reached XP level 11. HP: 78/78 MP: 15/15
 12916 | D:9      | Found a staircase to the Lair.
 13605 | D:9      | Reached skill level 11 in Axes
 13669 | D:9      | Received a gift from Trog
 14363 | D:9      | Found a staircase to the Orcish Mines.
 14658 | D:10     | Noticed a two-headed ogre
 14669 | D:10     | Reached skill level 1 in Stealth
 14672 | D:10     | Killed a two-headed ogre
 14978 | D:10     | Found a portal to a secret trove of treasure.
 15673 | D:11     | Noticed a green ugly thing
 15680 | D:11     | Killed a green ugly thing
 15680 | D:11     | Reached skill level 12 in Axes
 15752 | D:11     | Noticed a white ugly thing
 15886 | D:11     | Noticed a manticore
 15900 | D:11     | Killed a manticore
 16062 | D:11     | Killed a white ugly thing
 16075 | D:11     | Noticed a two-headed ogre
 16086 | D:11     | Noticed a two-headed ogre
 16092 | D:11     | Killed a two-headed ogre
 16092 | D:11     | Reached skill level 5 in Stealth
 16092 | D:11     | Reached XP level 12. HP: 59/86 MP: 16/16
 16101 | D:11     | Killed a two-headed ogre
 17418 | D:12     | Reached skill level 10 in Fighting
 17654 | D:12     | Reached skill level 13 in Axes
 17770 | D:12     | Noticed Urug
 17783 | D:12     | Killed Urug
 17932 | D:12     | Received a gift from Trog
 18037 | D:12     | Found Upapleon's Blood Bar.
 18045 | D:12     | Reached skill level 1 in Throwing
 19220 | D:13     | Noticed a centaur warrior
 19234 | D:13     | Killed a centaur warrior
 19575 | D:13     | Noticed a centaur warrior
 19682 | D:13     | Noticed an ogre mage
 19682 | D:13     | Noticed a two-headed ogre
 19683 | D:13     | Noticed a two-headed ogre
 19694 | D:14     | Killed a two-headed ogre
 19960 | D:13     | Gained mutation: Your magical capacity is low. (-10% MP)
                  | [potion of mutation]
 19960 | D:13     | Gained mutation: You possess an exceptional clarity of
                  | mind. [potion of mutation]
 19960 | D:13     | Gained mutation: You expend magic power (3 MP) to
                  | strengthen your wands. [potion of mutation]
 20209 | D:13     | Found a gate to the Vaults.
 20230 | D:13     | Noticed a death knight
 20351 | Orc:1    | Entered Level 1 of the Orcish Mines
 20360 | Orc:1    | Reached skill level 5 in Throwing
 20385 | Orc:1    | Reached XP level 13. HP: 93/93 MP: 5/15
 20557 | Orc:1    | Received a gift from Trog
 20572 | Orc:1    | HP: 3/93 [orc warrior/tomahawk (10)]
 21034 | Orc:1    | Noticed an orc warlord
 21048 | Orc:2    | Entered Level 2 of the Orcish Mines
 21305 | Orc:1    | Killed an orc warlord
 21420 | Orc:1    | Noticed a stone giant
 21427 | Orc:1    | Annihilated by a stone giant

Vault maps used:
D:1:      dpeg_arrival_short_road, serial_bayou_lagoon_a
D:2:      lemuel_coloured_pillars_altar, hangedman_feature_mirror
D:4:      xom_teletrap_fun, st_stairs_7
D:5:      lemuel_doored_altar, first_ration, uniq_crazy_yiuf_cottage
D:6:      cheibrodos_barr_body, basic_altar, gup_sewer_entry_spiral
D:7:      minmay_temple_entry_statues_pillars, basic_altar,
          gammafunk_ghost_mausoleum
D:8:      nemelex_xobeh_ov_fountains_minmay, nicolae_tso_swordbearing_angel,
          serial_shops, shop_statue
D:9:      kennysheep_mini, grunt_qazlal_clouds, due_lair_maze_entry_diamond,
          kennysheep_orc_monster_closet_entryway
D:10:     nicolae_trove_entry_path_of_doom, grunt_pizzeria
D:12:     guppyfry_shop_blood, uniq_urug
D:13:     david_vaults_2, serial_shops, shop, hangedman_decor_opposing
D:14:     uniq_nessos
Orc:1:    serial_shops, nicolae_shop_stone
Orc:2:    grunt_orc_community_town_hall, grunt_orc_community_big_house_1,
          grunt_orc_community_big_house_1, grunt_orc_community_house_1,
          grunt_orc_community_house_1, grunt_orc_community_house_1,
          grunt_orc_community_house_3, grunt_orc_community_house_3,
          special_room, uniq_snorg, uniq_saint_roka
Sewer:    kennysheep_sewer_church

Skill      XL: |  1  2  3  4  5  6  7  8  9 10 11 12 13 |
---------------+----------------------------------------+-----
Axes           | 4 5 6 8 9 10 12 13 | 13.6
Fighting       | 4 5 6 7 8 9 10 11 | 11.0
Dodging        | 4 5 8 |  8.4
Evocations     | 6 |  6.2
Shields        | 6 7 |  7.1
Stealth        | 5 6 |  6.4
Throwing       | 5 |  5.0

Action                   |  1- 3 |  4- 6 |  7- 9 | 10-12 | 13-15 || total
-------------------------+-------+-------+-------+-------+-------++-------
Melee: Hand axe          |    54 |   115 |   293 |    90 |       ||   552
       Tentacles         |    10 |    26 |    64 |   152 |    26 ||   278
       Constrict         |    11 |    35 |    57 |    95 |    15 ||   213
       Lajatang          |       |     7 |       |       |       ||     7
       War axe           |       |       |       |   390 |       ||   390
       Broad axe         |       |       |       |   109 |    80 ||   189
Throw: Tomahawk          |       |       |     8 |     8 |       ||    16
Invok: Berserk           |     1 |     4 |    14 |    13 |     4 ||    36
       Trog's Hand       |       |     1 |     2 |     1 |       ||     4
Evoke: Wand              |       |       |     5 |    56 |     5 ||    66
  Use: Scroll            |     6 |     6 |     7 |    11 |     1 ||    31
       Potion            |       |     3 |       |    10 |     2 ||    15
 Stab: Sleeping          |       |     7 |    13 |    15 |       ||    35
       Paralysed         |       |       |     9 |    38 |       ||    47
       Distracted        |       |       |       |     3 |       ||     3
  Eat: Chunk             |     2 |    12 |    14 |    22 |     7 ||    57
       Ration            |       |       |     5 |     8 |       ||    13
Armor: Skin              |     1 |     8 |    15 |    16 |       ||    40
Dodge: Dodged            |    42 |   109 |   213 |   366 |    54 ||   784
Block: Buckler           |       |       |       |   120 |    17 ||   137

Table legend:
 A = Non-vault XP
 B = Vault XP
 C = Vault XP percentage of total XP
 D = Non-vault monster count
 E = Vault monster count
 F = Vault count percentage of total count
                 A         B        C        D         E       F
            +---------+---------+-------+---------+---------+-------
      Total |   30610 |    6872 |  18.3 |     400 |      86 |  17.7
            +---------+---------+-------+---------+---------+-------
        D:1 |      57 |       0 |   0.0 |      24 |       0 |   0.0
        D:2 |      82 |       4 |   4.7 |      21 |       2 |   8.7
        D:3 |      96 |       0 |   0.0 |      27 |       0 |   0.0
        D:4 |     174 |       0 |   0.0 |      18 |       0 |   0.0
        D:5 |     528 |      41 |   7.2 |      18 |       1 |   5.3
        D:6 |     658 |     764 |  53.7 |      17 |      18 |  51.4
        D:7 |    2487 |       0 |   0.0 |      47 |       0 |   0.0
        D:8 |    1575 |       0 |   0.0 |      24 |       0 |   0.0
        D:9 |    3226 |    2359 |  42.2 |      36 |      26 |  41.9
       D:10 |    1704 |     825 |  32.6 |      13 |       3 |  18.8
       D:11 |    4828 |       0 |   0.0 |      38 |       0 |   0.0
       D:12 |    5651 |    1467 |  20.6 |      38 |       6 |  13.6
       D:13 |    3716 |       0 |   0.0 |      21 |       0 |   0.0
       D:14 |     139 |     882 |  86.4 |       1 |       1 |  50.0
      Orc:1 |    5689 |       0 |   0.0 |      57 |       0 |   0.0
      Sewer |       0 |     530 | 100.0 |       0 |      29 | 100.0
            +---------+---------+-------+---------+---------+-------
